MLB
ARIZONA DIAMONDBACKS @ LOS ANGELES DODGERS
07/09/2098
 
TOP OF THE 1ST
Arizona Diamondbacks batting - Pitching for Los Angeles Dodgers : LHP Mike Rumschlag
Pitching: LHP Mike Rumschlag
Batting: LHB Mike Tinder 0-0: Swinging Strike
0-1: Called Strike
0-2: Ball
1-2: Ball
2-2: Ball
3-2: Foul Ball, location: 2F
3-2: Strikes out swinging
Batting: RHB Jesse Cavallaro 0-0: Called Strike
0-1: Swinging Strike
0-2: Strikes out swinging
Batting: RHB Kevin Delmotte 0-0: Ball
1-0: Called Strike
1-1: Ball
2-1: SINGLE (Groundball, 34D, EV 96.9 MPH)
Batting: LHB Eddy Miramontes 0-0: Ball
1-0: Swinging Strike
1-1: Swinging Strike
1-2: Strikes out swinging
Top of the 1st over - 0 runs, 1 hit, 0 errors, 1 left on base; Arizona 0 - Los Angeles 0
BOTTOM OF THE 1ST
Los Angeles Dodgers batting - Pitching for Arizona Diamondbacks : LHP Rafael Estrada
Pitching: LHP Rafael Estrada
Batting: RHB Bryan Uplinger 0-0: Called Strike
0-1: Foul Ball, location: 9LMF
0-2: Ball
1-2: Ball
2-2: SINGLE (Groundball, 4MD, EV 98.8 MPH)
Batting: RHB Dan Boyd 0-0: Ball
Bryan Uplinger steals 2nd base (no throw)
1-0: Foul Ball, location: 7LMF
1-1: Foul Ball, location: 9LDF
1-2: Strikes out looking
Batting: RHB John Spohn 0-0: Hit by Pitch
Batting: RHB Victor Salinas 0-0: Ball
1-0: Called Strike
1-1: Swinging Strike
1-2: Ball
2-2: Grounds into double play, 6-4-3 (Groundball, 6, EV 90.0 MPH)
Bottom of the 1st over - 0 runs, 1 hit, 0 errors, 1 left on base; Arizona 0 - Los Angeles 0
TOP OF THE 2ND
Arizona Diamondbacks batting - Pitching for Los Angeles Dodgers : LHP Mike Rumschlag
Batting: RHB Shawn Lindsey 0-0: Called Strike
0-1: Foul Ball, location: 5DF
0-2: Ball
1-2: Strikes out swinging
Batting: LHB Travis Lawlor 0-0: Called Strike
0-1: Foul Ball, location: 2RF
0-2: Ball
1-2: Foul Ball, location: 2F
1-2: Ball
2-2: Ball
3-2: Base on Balls
Batting: SHB Macario Castro 0-0: Called Strike
0-1: Called Strike
0-2: Ball
1-2: Ball
2-2: Foul Ball, location: 5F
2-2: Ball
3-2: Fielders Choice at 2nd, 5-4 (Groundball, 5, EV 86.9 MPH)
Pitching: RHP Eric Beattie
Batting: LHB Mario Valdez 0-0: Foul Ball, location: 23F
0-1: Ball
1-1: SINGLE (Groundball, 6MD, EV 99.4 MPH)
Macario Castro to second
Runner from 2nd tries for 3rd, SAFE, throw by CF made to third
Batting: LHB Alex Castro 0-0: Ball
1-0: Called Strike
1-1: Foul Ball, location: 3F
1-2: Ball
2-2: Foul Ball, location: 2F
2-2: Ball
3-2: Ground out 5-3 (Groundball, 56S, EV 83.8 MPH)
Top of the 2nd over - 0 runs, 1 hit, 0 errors, 2 left on base; Arizona 0 - Los Angeles 0
BOTTOM OF THE 2ND
Los Angeles Dodgers batting - Pitching for Arizona Diamondbacks : LHP Rafael Estrada
Batting: LHB Greg Thompson 0-0: Swinging Strike
0-1: Ball
1-1: Fly out, F9 (Flyball, 89M, EV 80.6 MPH)
Batting: RHB Luis Lozada 0-0: Ball
1-0: Called Strike
1-1: Swinging Strike
1-2: Strikes out swinging
Batting: SHB Freddie Mitchell 0-0: Fly out, F4 (Popup, 4, EV 63.1 MPH)
Bottom of the 2nd over - 0 runs, 0 hits, 0 errors, 0 left on base; Arizona 0 - Los Angeles 0
TOP OF THE 3RD
Arizona Diamondbacks batting - Pitching for Los Angeles Dodgers : RHP Eric Beattie
Batting: LHB Mike Tinder 0-0: Ball
1-0: Fly out, F9 (Flyball, 89M, EV 77.5 MPH)
Batting: RHB Jesse Cavallaro 0-0: Called Strike
0-1: Foul Ball, location: 2F
0-2: Strikes out looking
Batting: RHB Kevin Delmotte 0-0: SINGLE (Line Drive, 4MD, EV 108.1 MPH)
Batting: LHB Eddy Miramontes 0-0: Ball
1-0: Ball
2-0: Ball
3-0: Called Strike
3-1: Foul Ball, location: 7LSF
3-2: Reached on error, E4 (Groundball, 4M, EV 85.6 MPH)
Kevin Delmotte to second
Batting: RHB Shawn Lindsey 0-0: Foul Ball, location: 2F
0-1: Foul Ball, location: 3F
0-2: Strikes out looking
Top of the 3rd over - 0 runs, 1 hit, 1 error, 2 left on base; Arizona 0 - Los Angeles 0
BOTTOM OF THE 3RD
Los Angeles Dodgers batting - Pitching for Arizona Diamondbacks : LHP Rafael Estrada
Batting: RHB Ron Ascencio 0-0: Ground out 6-3 (Groundball, 6MD, EV 85.6 MPH)
Batting: SHB Jason Avsar 0-0: Ball
1-0: Ball
2-0: Called Strike
2-1: Foul Ball, location: 2F
2-2: Strikes out swinging
Batting: RHB Bryan Uplinger 0-0: Ball
1-0: Ground out 6-3 (Groundball, 6, EV 105.0 MPH)
Bottom of the 3rd over - 0 runs, 0 hits, 0 errors, 0 left on base; Arizona 0 - Los Angeles 0
TOP OF THE 4TH
Arizona Diamondbacks batting - Pitching for Los Angeles Dodgers : RHP Eric Beattie
Batting: LHB Travis Lawlor 0-0: SINGLE (Line Drive, 8RS, EV 100.6 MPH)
Batting: SHB Macario Castro 0-0: Called Strike
0-1: Ball
1-1: Grounds into double play, 4-6-3 (Groundball, 4, EV 105.0 MPH)
Batting: LHB Mario Valdez 0-0: Ball
1-0: Ball
2-0: Fly out, F8 (Flyball, 8LXD, EV 95.6 MPH)
Top of the 4th over - 0 runs, 1 hit, 0 errors, 0 left on base; Arizona 0 - Los Angeles 0
BOTTOM OF THE 4TH
Los Angeles Dodgers batting - Pitching for Arizona Diamondbacks : LHP Rafael Estrada
Batting: RHB Dan Boyd 0-0: Called Strike
0-1: Swinging Strike
0-2: Strikes out looking
Batting: RHB John Spohn 0-0: Called Strike
0-1: Ball
1-1: SINGLE (Line Drive, 56D, EV 98.1 MPH)
Batting: RHB Victor Salinas 0-0: Ball
1-0: Swinging Strike
1-1: SINGLE (Line Drive, 9LS, EV 92.5 MPH)
John Spohn to second
Batting: LHB Greg Thompson 0-0: Ball
1-0: Foul Ball, location: 7LDF
1-1: Ball
2-1: Ball
3-1: 3-RUN HOME RUN (Flyball, 9D, EV 99.4 MPH), Distance : 360 ft
Batting: RHB Luis Lozada 0-0: Ball
1-0: Ball
2-0: Ball
3-0: Base on Balls
Batting: SHB Freddie Mitchell 0-0: Called Strike
0-1: Ball
1-1: Fielders Choice at 2nd, 6-4 (Groundball, 6, EV 108.1 MPH)
Batting: RHB Ron Ascencio 0-0: Ball
1-0: Ground out 4-3 (Groundball, 4S, EV 88.8 MPH)
Bottom of the 4th over - 3 runs, 3 hits, 0 errors, 1 left on base; Arizona 0 - Los Angeles 3
TOP OF THE 5TH
Arizona Diamondbacks batting - Pitching for Los Angeles Dodgers : RHP Eric Beattie
Batting: LHB Alex Castro 0-0: Swinging Strike
0-1: Ball
1-1: Foul Ball, location: 2F
1-2: Ball
2-2: Ball
3-2: Foul Ball, location: 2F
3-2: SINGLE (Groundball, 6MD, EV 108.8 MPH)
Batting: LHB Mike Tinder 0-0: Called Strike
0-1: Fly out, F7 (Flyball, 7S, EV 96.3 MPH)
Pitching: RHP David Dzik
Batting: RHB Jesse Cavallaro 0-0: Ball
1-0: Called Strike
1-1: Called Strike
1-2: Fly out, F8 (Flyball, 8RD, EV 91.9 MPH)
Batting: RHB Kevin Delmotte 0-0: Swinging Strike
0-1: Swinging Strike
0-2: Strikes out swinging
Top of the 5th over - 0 runs, 1 hit, 0 errors, 1 left on base; Arizona 0 - Los Angeles 3
BOTTOM OF THE 5TH
Los Angeles Dodgers batting - Pitching for Arizona Diamondbacks : LHP Rafael Estrada
Batting: SHB Jason Avsar 0-0: Called Strike
0-1: Called Strike
0-2: Foul Ball, location: 2F
0-2: Strikes out looking
Batting: RHB Bryan Uplinger 0-0: Ball
1-0: Ground out U3 (Groundball, 3S, EV 66.3 MPH)
Batting: RHB Dan Boyd 0-0: Ball
1-0: Ball
2-0: Foul Ball, location: 3F
2-1: Fly out, F6 (Line Drive, 6, EV 64.4 MPH)
Bottom of the 5th over - 0 runs, 0 hits, 0 errors, 0 left on base; Arizona 0 - Los Angeles 3
TOP OF THE 6TH
Arizona Diamondbacks batting - Pitching for Los Angeles Dodgers : RHP David Dzik
Batting: LHB Eddy Miramontes 0-0: Ball
1-0: Ball
2-0: Ball
3-0: Called Strike
3-1: Base on Balls
Batting: RHB Shawn Lindsey 0-0: Called Strike
0-1: Called Strike
0-2: Ball
1-2: Foul Ball, location: 3F
1-2: Foul Ball, location: 2LF
1-2: Strikes out swinging
Batting: LHB Travis Lawlor 0-0: Ball
1-0: Called Strike
1-1: Called Strike
1-2: SINGLE (Groundball, 3D, EV 95.6 MPH)
Eddy Miramontes to second
Runner from 2nd tries for 3rd, SAFE, no throw by RF
Batting: SHB Macario Castro 0-0: Called Strike
0-1: Fly out, F7 (Flyball, 7D, EV 105.6 MPH)
Runner from 3rd tags up, SCORES, no throw by LF
Batting: LHB Mario Valdez 0-0: Called Strike
0-1: Ball
1-1: DOUBLE (Flyball, 78D, EV 111.9 MPH)
Travis Lawlor to third
Runner from 3rd tries for Home, SAFE, throw by CF to home
Pitching: RHP Kyle McLelland
Batting: LHB Alex Castro 0-0: Ball
1-0: Called Strike
1-1: Ball
2-1: Ball
3-1: Base on Balls
Batting: LHB Mike Tinder 0-0: Foul Ball, location: 2F
0-1: Foul Ball, location: 7LMF
0-2: Fly out, F8 (Flyball, 8LD, EV 98.8 MPH)
Top of the 6th over - 2 runs, 2 hits, 0 errors, 2 left on base; Arizona 2 - Los Angeles 3
BOTTOM OF THE 6TH
Los Angeles Dodgers batting - Pitching for Arizona Diamondbacks : LHP Rafael Estrada
Batting: RHB John Spohn 0-0: Fly out, F9 (Flyball, 9LS, EV 95.0 MPH)
Batting: RHB Victor Salinas 0-0: Called Strike
0-1: Ball
1-1: DOUBLE (Flyball, 8RXD, EV 98.8 MPH)
Batting: LHB Greg Thompson 0-0: Foul Ball, location: 7LDF
0-1: Ball
1-1: Ball
2-1: Foul Ball, location: 9LDF
2-2: Ball
3-2: Base on Balls
Batting: RHB Luis Lozada 0-0: Ball
1-0: Foul Ball, location: 7LMF
1-1: Swinging Strike
1-2: Strikes out looking
Batting: SHB Freddie Mitchell 0-0: Called Strike
0-1: Ball
1-1: Foul Ball, location: 2F
1-2: Ball
2-2: Ball
3-2: Foul Ball, location: 5FF
3-2: Strikes out swinging
Bottom of the 6th over - 0 runs, 1 hit, 0 errors, 2 left on base; Arizona 2 - Los Angeles 3
TOP OF THE 7TH
Arizona Diamondbacks batting - Pitching for Los Angeles Dodgers : RHP Kyle McLelland
Pitching: RHP Sean McNees
Batting: RHB Jesse Cavallaro 0-0: Ball
1-0: Foul Ball, location: 2LF
1-1: Foul Ball, location: 9LSF
1-2: Fly out, F9 (Flyball, 89M, EV 97.5 MPH)
Batting: RHB Kevin Delmotte 0-0: SINGLE (Groundball, 6D, EV 108.8 MPH)
Batting: LHB Eddy Miramontes 0-0: Ball
1-0: Called Strike
1-1: Ball
2-1: Ball
3-1: Base on Balls
Kevin Delmotte to second
Batting: RHB Shawn Lindsey 0-0: Called Strike
0-1: Called Strike
0-2: Strikes out swinging
Pitching: LHP Alex Alcerro
Pinch Hitting: SHB Jose Medina 0-0: Called Strike
0-1: Ball
1-1: Foul Ball, location: 25FF
1-2: Strikes out swinging
Top of the 7th over - 0 runs, 1 hit, 0 errors, 2 left on base; Arizona 2 - Los Angeles 3
BOTTOM OF THE 7TH
Los Angeles Dodgers batting - Pitching for Arizona Diamondbacks : LHP Rafael Estrada
Now in CF: Jose Medina
Batting: RHB Ron Ascencio 0-0: Ground out 5-3 (Groundball, 5L, EV 100.0 MPH)
Batting: SHB Jason Avsar 0-0: Foul Ball, location: 5F
0-1: Foul Ball, location: 2F
0-2: Ball
1-2: Foul Ball, location: 3DF
1-2: Foul Ball, location: 2LF
1-2: DOUBLE (Groundball, 5L, EV 102.5 MPH)
Batting: RHB Bryan Uplinger 0-0: Ball
1-0: Ground out 5-3 (Groundball, 56, EV 94.4 MPH)
Jason Avsar to third
Batting: RHB Dan Boyd 0-0: Ball
1-0: Called Strike
1-1: Ball
2-1: Swinging Strike
2-2: Strikes out swinging
Bottom of the 7th over - 0 runs, 1 hit, 0 errors, 1 left on base; Arizona 2 - Los Angeles 3
TOP OF THE 8TH
Arizona Diamondbacks batting - Pitching for Los Angeles Dodgers : LHP Alex Alcerro
Batting: SHB Macario Castro 0-0: Ball
1-0: Fly out, F9 (Flyball, 89S, EV 90.0 MPH)
Batting: LHB Mario Valdez 0-0: Ball
1-0: Swinging Strike
1-1: Swinging Strike
1-2: Strikes out swinging
Batting: LHB Alex Castro 0-0: Ball
1-0: Hit by Pitch
Batting: LHB Mike Tinder 0-0: Called Strike
0-1: Foul Ball, location: 5F
0-2: Foul Ball, location: 2F
0-2: Strikes out looking
Top of the 8th over - 0 runs, 0 hits, 0 errors, 1 left on base; Arizona 2 - Los Angeles 3
BOTTOM OF THE 8TH
Los Angeles Dodgers batting - Pitching for Arizona Diamondbacks : LHP Rafael Estrada
Batting: RHB John Spohn 0-0: Ball
1-0: Ball
2-0: Foul Ball, location: 3SF
2-1: DOUBLE (Line Drive, 9LM, EV 110.6 MPH)
Batting: RHB Victor Salinas 0-0: Foul Ball, location: 3FF
0-1: Ball
1-1: Foul Ball, location: 2F
1-2: Ground out 6-3 (Groundball, 6, EV 107.5 MPH)
John Spohn to third
Pitching: RHP Dan Rutledge
Batting: LHB Greg Thompson 0-0: Foul Ball, location: 2F
0-1: Ball
1-1: Ball
2-1: Ball
3-1: Base on Balls
Batting: RHB Luis Lozada 0-0: Called Strike
0-1: Ball
1-1: Swinging Strike
1-2: 3-RUN HOME RUN (Line Drive, 8RXD, EV 111.3 MPH), Distance : 430 ft
Batting: SHB Freddie Mitchell 0-0: Ball
1-0: Ball
2-0: Ball
3-0: Called Strike
3-1: Called Strike
3-2: SINGLE (Groundball, 6MD, EV 101.9 MPH)
Batting: RHB Ron Ascencio 0-0: Called Strike
0-1: Called Strike
0-2: Strikes out swinging
Batting: SHB Jason Avsar 0-0: Called Strike
0-1: Ball
1-1: Ground out 4-3 (Groundball, 34, EV 85.6 MPH)
Bottom of the 8th over - 3 runs, 3 hits, 0 errors, 1 left on base; Arizona 2 - Los Angeles 6
TOP OF THE 9TH
Arizona Diamondbacks batting - Pitching for Los Angeles Dodgers : LHP Alex Alcerro
Pitching: LHP Erik Baggett
Batting: RHB Jesse Cavallaro 0-0: Ball
1-0: Foul Ball, location: 5F
1-1: Ball
2-1: Ball
3-1: SINGLE (Flyball, 6D, EV 87.5 MPH)
Batting: RHB Kevin Delmotte 0-0: Called Strike
0-1: Foul Ball, location: 2F
0-2: Ball
1-2: Strikes out swinging
Batting: LHB Eddy Miramontes 0-0: Ball
1-0: Ball
2-0: Fly out, F4 (Popup, 34, EV 61.3 MPH)
Batting: RHB Shawn Lindsey 0-0: Fly out, F7 (Flyball, 78D, EV 98.8 MPH)
Top of the 9th over - 0 runs, 1 hit, 0 errors, 1 left on base; Arizona 2 - Los Angeles 6
Tuesday, April 9th , 2024 - OOTP Baseball 24.11 Build 85